 Dungeon Crawl Stone Soup version 0.27.0-1-g7a089689b8 (webtiles) character file.

Game seed: 1775303878767414273

14240 robertstho the Cleaver (level 11, -5/102 HPs)
             Began as a Green Draconian Berserker on Aug 6, 2021.
             Was a High Priest of Trog.
             Killed from afar by a fire dragon (60 damage)
             ... with a blast of flame
             ... on level 9 of the Dungeon.
             The game lasted 00:13:41 (13000 turns).

robertstho the Cleaver (Green Draconian Berserker) Turns: 13000, Time: 00:13:42

Health: -5/102     AC: 12    Str: 35    XL:     11   Next: 86%
Magic:  11/11      EV: 13    Int: 14    God:    Trog [*****.]
Gold:   208        SH: 14    Dex: 11    Spells: 10/10 levels left

rFire    . . .     SeeInvis .   m - +2 war axe (freeze)
rCold    . . .     Faith    .   d - +2 kite shield {AC+3}
rNeg     + . .     Spirit   .   (armour unavailable)
rPois    +         Reflect  .   (helmet restricted)
rElec    .         Harm     .   H - scarf {repulsion}
rCorr    .         Rampage  .   p - +0 pair of gloves
Will     ++...                  r - +0 pair of boots of Zikus {rN+ Int+7}
Stlth    ++........             (no amulet)
HPRegen  1.27/turn              c - +6 ring of strength
MPRegen  0.12/turn              e - +6 ring of strength

@: strong-willed, regenerating, repel missiles
A: breathe noxious fumes, AC +7, unfitting armour, poison resistance,
cold-blooded
a: Breathe Noxious Fumes, Renounce Religion, Berserk, Trog's Hand, Brothers in
Arms


You were on level 9 of the Dungeon.
You worshipped Trog.
Trog was extremely pleased with you.
You visited 1 branch of the dungeon, and saw 10 of its levels.
You also visited: Sewer.

You collected 586 gold pieces.
You spent 378 gold pieces at shops.

Inventory:

Hand Weapons
 m - a +2 war axe of freezing (weapon)
 q - a +2 trident of flaming
 N - a +2 hand axe
Missiles
 B - 3 throwing nets (quivered)
Armour
 d - a +2 kite shield of protection (worn)
 p - a +0 pair of gloves (worn)
 r - the +0 pair of boots of Zikus (worn) {rN+ Int+7}
   (You found it on level 4 of the Dungeon)

   Int:       It affects your intelligence (+7).
   rN:        It protects you from negative energy.
 G - a +2 cloak of stealth
 H - a scarf of repulsion (worn)
Jewellery
 a - a ring of ice
 c - a +6 ring of strength (left hand)
 e - a +6 ring of strength (right hand)
 f - a ring of magical power
 k - a ring of protection from fire
 C - a ring of resist corrosion
Wands
 s - a wand of digging (5)
 t - a wand of iceblast (38)
 y - a wand of flame (11)
 D - a wand of paralysis (4)
 F - a wand of mindburst (13)
 J - a wand of acid (3)
Scrolls
 o - a scroll of vulnerability
 u - a scroll of enchant weapon
 v - 3 scrolls of noise
 w - 2 scrolls of magic mapping
 x - 2 scrolls of fog
 E - a scroll of immolation
 I - 4 scrolls of identify
 K - 3 scrolls of summoning
 L - 3 scrolls of fear
 M - 4 scrolls of teleportation
Potions
 b - a potion of cancellation
 g - 2 potions of might
 h - 2 potions of invisibility
 i - 2 potions of resistance
 j - 6 potions of curing
 l - a potion of haste
 n - 2 potions of heal wounds
 z - 2 potions of flight
 A - a potion of lignification
 O - 2 potions of mutation {unknown}


   Skills:
 * Level 11.0 Fighting
 + Level 11.4 Axes
 * Level 9.6 Dodging
 + Level 4.1 Stealth
 + Level 6.2 Shields


You had 10 spell levels left.
You didn't know any spells.
Your spell library was empty.

Dungeon Overview and Level Annotations

Branches:
Dungeon (10/15)            Temple (0/1) D:4            Lair (0/6) D:10
  Sewer (visited)
    Orc: D:9-12

Altars:
Ashenzari
Dithmenos
Elyvilon
Kikubaaqudgha
Nemelex Xobeh
Qazlal
Vehumet
Xom
Yredelemnul
Zin

Shops:
D:9 ?


Innate Abilities, Weirdness & Mutations

You can breathe blasts of noxious fumes.
Your lurid green scales are hard. (AC +7)
You cannot fit into any form of body armour.
Your system is resistant to poisons. (rPois)
You are cold-blooded and may be slowed by cold attacks.


Message History

You shout for attention!
The boulder beetle hits your iron troll!!!
The boulder beetle stops rolling and uncurls.
Your iron troll bites the boulder beetle!!
Your iron troll claws the boulder beetle but does no damage.
Your iron troll claws the boulder beetle!
Unknown command.
What are your orders? t - Shout!
Orders for allies: a - Attack new target. r - Retreat! s - Stop attacking. g - Guard the area. f - Follow me.
Anything else - Cancel.
You shout for attention!
The boulder beetle curls into a ball and begins rolling!
Your iron troll bites the boulder beetle.
Your iron troll claws the boulder beetle!! x2
The boulder beetle dies!
Trog accepts your kill.
Your Fighting skill increases to level 11!
What are your orders? t - Shout!
Orders for allies: a - Attack new target. r - Retreat! s - Stop attacking. g - Guard the area. f - Follow me.
Anything else - Cancel.
You shout for attention!
You hear a deafening roar!
Unknown command.
You swap places.
Your iron troll rages.
Items here: )) ††.
A fire dragon comes into view.
You hit the fire dragon but do no damage.
You tail-slap the fire dragon.
The fire dragon is lightly wounded.
You are no longer corroded.
The fire dragon breathes flames at you. The blast of flame hits you!!!
Ouch! That really hurt!
You die...

♣♣.♣♣ ♣.♣ ♣♣.♣♣#..##...........
♣.≈.♣# ♣.♣ ♣...♣#...............
.≈≈≈.# ♣.♣ ♣♣.♣♣#.##......).....
.≈≈≈.#♣♣.♣♣ ♣...♣#)##............
.≈≈≈.#♣...♣#♣♣.♣♣#.##............
.≈≈≈.#.....#♣...♣#)##.......†....
♣≈≈≈♣♣...P.♣.≈≈≈.#.##............
.≈≈≈...P≈....≈≈≈DT.##............
♣≈≈≈♣♣..P..♣.≈≈≈@#..#............
.≈≈≈.#.....#♣...♣#...............
.≈≈≈.#♣...♣#♣♣.♣♣#..)............
.≈≈≈.#♣♣.♣♣ ♣...♣#..###..........
.≈≈≈.# ♣.♣ ♣♣.♣♣#..# ##......###
♣.≈.♣# ♣.♣ ... #.## ###..###
♣♣.♣♣ ♣ ♣ #.# #..# # ### ##.#
#..##### # #..# ##.#....


You could see a fire dragon (catching breath, ally target) and a friendly iron
troll (summoned, berserk).

Vanquished Creatures
  Josephine (D:10)
  Harold (D:8)
  Nergalle (D:10)
  Pikel (D:5)
  Joseph (D:8)
  Maurice (D:8)
  A troll (D:9)
  Prince Ribbit (D:5)
  A shadow (D:10)
  4 wraiths (D:10)
  8 yaks
  A wyvern (D:8)
  2 steam dragons
  Duvessa (D:5)
  5 water moccasins
  2 ice beasts
  3 orc warriors (D:9)
  3 sky beasts
  3 black bears
  A hornet zombie (D:8)
  A necrophage (D:5)
  3 ogres
  5 centaurs
  A lemure (D:5)
  A phantom (D:6)
  3 kobold brigands
  6 bullfrogs
  2 gnoll sergeants (D:9)
  4 scorpions
  3 wyvern zombies
  Dowan (D:5)
  19 killer bees
  A water moccasin skeleton (D:5)
  4 wights (D:7)
  A howler monkey (D:9)
  5 centaur zombies
  16 orc priests
  A bullfrog zombie (D:7)
  2 hounds
  A gnoll shaman (D:7)
  3 jellies
  2 centaur skeletons (D:7)
  4 iguanas
  14 orc wizards
  A howler monkey zombie (D:9)
  5 gnolls (D:7)
  A howler monkey skeleton (D:6)
  8 adders
  A river rat (Sewer)
  2 white imps (D:5)
  An ufetubus (D:4)
  8 worms
  5 dart slugs
  52 orcs
  9 ball pythons
  8 endoplasms
  7 giant cockroaches
  8 goblins
  4 hobgoblins
  6 jackals
  11 kobolds
  6 quokkas
  6 bats
  4 frilled lizards
  12 rats
310 creatures vanquished.

Vanquished Creatures (collateral kills)
  Fannar (D:10)
  A boulder beetle (D:9)
  A two-headed ogre (D:9)
  An acid dragon (D:9)
4 creatures vanquished.

Vanquished Creatures (others)
  46 fungi (D:10)
  50 plants
96 creatures vanquished.

Grand Total: 410 creatures vanquished

Notes
Turn   | Place    | Note
-------+----------+-------------------------------------------
     0 | D:1      | robertstho the Draconian Berserker began the quest for the
                  | Orb.
     0 | D:1      | Reached XP level 1. HP: 19/19 MP: 1/1
   278 | D:1      | Reached XP level 2. HP: 19/26 MP: 2/2
   796 | D:1      | Reached XP level 3. HP: 23/33 MP: 3/3
  1522 | D:2      | Reached ** piety under Trog
  1717 | D:2      | Reached skill level 1 in Stealth
  2011 | D:2      | Reached XP level 4. HP: 40/40 MP: 4/4
  2553 | D:3      | Found a shadowy altar of Dithmenos.
  2897 | D:3      | Reached XP level 5. HP: 21/46 MP: 5/5
  3492 | D:3      | Found a faded altar of an unknown god.
  3823 | D:4      | Found a glowing drain.
  3834 | Sewer    | Entered a sewer
  4154 | Sewer    | Reached *** piety under Trog
  4195 | Sewer    | Reached XP level 6. HP: 50/55 MP: 6/6
  4625 | Sewer    | Reached skill level 5 in Fighting
  5092 | D:4      | Found a staircase to the Ecumenical Temple.
  5136 | D:4      | Reached skill level 5 in Axes
  5146 | D:4      | Your scales start taking on a lurid green colour.
  5146 | D:4      | Reached XP level 7. HP: 23/61 MP: 7/7
  5146 | D:4      | Gained mutation: Your system is resistant to poisons.
                  | (rPois) [Green Draconian growth]
  5398 | D:4      | Identified the +0 pair of boots of Zikus {rN+ Int+7}
  5584 | D:4      | Reached skill level 5 in Dodging
  5771 | D:4      | You fall into a shaft and drop 2 floors!
  5781 | D:6      | Reached **** piety under Trog
  5782 | D:6      | Reached XP level 8. HP: 63/70 MP: 8/8
  5909 | D:6      | Found a radiant altar of Vehumet.
  5911 | D:6      | Found a white marble altar of Elyvilon.
  5912 | D:6      | Found a sparkling altar of Nemelex Xobeh.
  5912 | D:6      | Found a basalt altar of Yredelemnul.
  5913 | D:6      | Found a broken altar of Ashenzari.
  5913 | D:6      | Found an ancient bone altar of Kikubaaqudgha.
  5913 | D:6      | Found a stormy altar of Qazlal.
  5914 | D:6      | Found a shimmering altar of Xom.
  6787 | D:5      | Entered Level 5 of the Dungeon
  6892 | D:5      | Reached XP level 9. HP: 79/79 MP: 9/9
  6997 | D:5      | Reached skill level 1 in Shields
  7628 | D:5      | Noticed Prince Ribbit
  7629 | D:5      | Noticed Duvessa
  7629 | D:5      | Noticed Dowan
  7636 | D:5      | Killed Prince Ribbit
  7638 | D:5      | Killed Duvessa
  7645 | D:5      | Killed Dowan
  7801 | D:5      | Noticed Pikel
  7810 | D:5      | Killed Pikel
  8426 | D:7      | Reached ***** piety under Trog
  8739 | D:7      | Reached XP level 10. HP: 89/90 MP: 10/10
  9348 | D:8      | Noticed Harold
  9359 | D:8      | Killed Harold
  9373 | D:8      | Noticed Joseph
  9382 | D:8      | Killed Joseph
  9892 | D:8      | Noticed Maurice
  9896 | D:8      | Paralysed by Maurice for 2 turns
  9901 | D:8      | Killed Maurice
  9978 | D:8      | Reached skill level 10 in Axes
 10229 | D:9      | Found a glowing silver altar of Zin.
 10499 | D:9      | Found Ellem's Magic Scroll Shoppe.
 10509 | D:9      | Bought 2 scrolls of identify for 44 gold pieces
 10509 | D:9      | Bought a scroll of identify for 22 gold pieces
 10509 | D:9      | Bought a scroll of identify for 22 gold pieces
 10509 | D:9      | Bought a scroll of identify for 22 gold pieces
 10509 | D:9      | Bought a scroll of magic mapping for 38 gold pieces
 10509 | D:9      | Bought a scroll of noise for 11 gold pieces
 10509 | D:9      | Bought a scroll of summoning for 104 gold pieces
 10509 | D:9      | Bought 3 scrolls of fear for 115 gold pieces
 10575 | D:9      | Received a gift from Trog
 10617 | D:9      | You fall into a shaft and drop 1 floor!
 10617 | D:10     | Entered Level 10 of the Dungeon
 10652 | D:10     | Noticed Josephine
 10664 | D:10     | Killed Josephine
 10665 | D:10     | Reached skill level 10 in Fighting
 10665 | D:10     | Reached XP level 11. HP: 53/99 MP: 11/11
 10926 | D:10     | Found a staircase to the Lair.
 11050 | D:10     | Noticed Fannar
 11096 | D:10     | Killed Fannar
 11097 | D:10     | Reached skill level 5 in Shields
 11682 | D:10     | Noticed Nergalle
 11691 | D:10     | Noticed a spectral orc warlord
 11738 | D:10     | Killed Nergalle
 12974 | D:9      | Noticed a two-headed ogre
 12974 | D:9      | Noticed a boulder beetle
 12990 | D:9      | Killed a two-headed ogre
 12993 | D:9      | Killed a boulder beetle
 12998 | D:9      | Noticed a fire dragon
 13000 | D:9      | Killed from afar by a fire dragon

Illustrated notes

Levels and vault maps discovered:
D:1:      kilobyte_arrival_exit_the_forest, layout_basic
D:2:      layout_basic, chequers_hall_statues_y
D:3:      cheibrodos_helix_gallery, layout_loops_ring, lemuel_doored_altar,
          ebering_ecumenical_altar_mist, kennysheep_boxes
D:4:      layout_loops_corners, minmay_temple_entry_arrows,
          cheibrodos_sewer_entry_sluice
D:5:      layout_basic, uniq_prince_ribbit1, uniq_pikel, uniq_duvessa
D:6:      layout_basic, grunt_temple_overflow_open
D:7:      layout_rooms
D:8:      layout_loops_ring, minmay_between, uniq_harold, uniq_joseph,
          uniq_maurice
D:9:      nzn_winding_woodlands_three_and_one
          [nzn_winding_woodlands_5x15_river_crossing,
          nzn_winding_woodlands_5x15_garden, nzn_winding_woodlands_5x15_pool,
          nzn_winding_woodlands_center_pierced_h], layout_cave_pods,
          mainiacjoe_overflow_catwalk, serial_shops, shop
D:10:     layout_loops_corners, due_lair_maze_entry_diamond, serial_glass,
          glass_columns_b, glass_columns_a, uniq_josephine, uniq_nergalle,
          uniq_fannar

Skill      XL: |  1  2  3  4  5  6  7  8  9 10 11 |
---------------+----------------------------------+-----
Dodging        | 3 4 5 6 7 8 9 |  9.6
Stealth        | 1 2 3 4 |  4.1
Fighting       | 4 5 6 7 8 10 11 | 11.0
Axes           | 4 5 6 7 9 10 11 | 11.4
Shields        | 3 4 6 |  6.2

Action                   |  1- 3 |  4- 6 |  7- 9 | 10-12 || total
-------------------------+-------+-------+-------+-------++-------
Melee: Hand axe          |   168 |    76 |       |       ||   244
       Tailslap          |    19 |    32 |    31 |    74 ||   156
       War axe           |       |   159 |   200 |   380 ||   739
Invok: Berserk           |       |     3 |     4 |     5 ||    12
       Trog's Hand       |       |     1 |     1 |     2 ||     4
       Brothers in Arms  |       |       |       |     2 ||     2
 Abil: Breathe Noxious F |       |       |       |     2 ||     2
Evoke: Wand              |       |       |       |     2 ||     2
  Use: Scroll            |       |     6 |     6 |     7 ||    19
       Potion            |       |     3 |     1 |       ||     4
 Stab: Sleeping          |     5 |     3 |     3 |     4 ||    15
Armor: Skin              |    45 |    73 |    89 |   144 ||   351
Dodge: Dodged            |   104 |   163 |   132 |   176 ||   575
       Repelled          |       |       |       |     1 ||     1
Block: Kite shield       |       |       |   102 |   293 ||   395
